 Dungeon Crawl Stone Soup version 0.31-a0-175-g9f7f995f2b (webtiles) character file.

Game seed: 4089900136353929220

203 qw the Chopper (level 5, -2/32 HPs)
             Began as a Gargoyle Fighter on June 16, 2023.
             Slain by a gnoll
             ... wielding a +0 halberd
              (4 damage)
             ... on level 3 of the Dungeon.
             The game lasted 00:01:01 (2592 turns).

qw the Chopper (Gargoyle Fighter)                   Turns: 2592, Time: 00:01:02

Health: -2/32      AC: 19    Str: 21    XL:     5   Next: 81%
Magic:  5/5        EV:  5    Int:  9    God:
Gold:   133        SH:  4    Dex:  9    Spells: 4/4 levels left

rFire   . . .        Y - +0 war axe
rCold   + . .        c - +0 buckler
rNeg    + . .        g - +0 plate armour
rPois   inf          (no helmet)
rElec   +            (no cloak)
rCorr   .            (no gloves)
SInv    .            (no boots)
Will    .....        (no amulet) Stlth
                     m - +4 ring of protection
HPRegen 0.25/turn    l - ring of protection from cold
MPRegen 0.09/turn

%: no passive effects
@: about to teleport
A: sickness immunity, AC +4, negative energy resistance 1, electricity
resistance, torment resistance 1, petrification resistance
a: no special abilities


You were on level 3 of the Dungeon.
You visited 1 branch of the dungeon, and saw 3 of its levels.

You collected 133 gold pieces.


Innate Abilities, Weirdness & Mutations

You are immune to sickness and miasma.
Your stone body is resilient. (AC +4)
You are immune to poison.
You resist negative energy. (rN+)
You are resistant to electric shocks. (rElec)
You are resistant to unholy torment.
You are immune to petrification.


   Skills:
 + Level 3.4 Fighting
 - Level 5.0 Axes
 - Level 1.2 Throwing
 - Level 3.2 Armour
 - Level 3.2 Shields


You had 4 spell levels left.
You didn't know any spells.
Your spell library was empty.

Inventory:

Hand Weapons
 j - a +0 mace
 Y - a +0 war axe (weapon)
Missiles
 e - 2 javelins (quivered)
Armour
 b - the +3 crown of Dyrovepreva {rElec Int+2 SInv}
   (You found it on level 3 of the Dungeon)

   Int:       It affects your intelligence (+2).
   rElec:     It insulates you from electricity.
   SInv:      It lets you see invisible.
 c - a +0 buckler (worn)
 g - a +0 plate armour (worn)
Jewellery
 l - a ring of protection from cold (right hand)
 m - a +4 ring of protection (left hand)
Scrolls
 a - a scroll of identify
 k - a scroll of teleportation
Potions
 d - 2 potions of might
 i - a potion of heal wounds {unknown}
 n - a potion of cancellation {unknown}
 o - a potion of berserk rage {unknown}

Dungeon Overview and Level Annotations

Branches:
Dungeon (3/15)

Altars:


Message History

The gnoll is moderately wounded.
You closely miss the adder. The adder bites you but does no damage.
The gnoll hits you from afar with a +0 halberd. x2
The gnoll hits you but does no damage. The adder bites you but does no damage.
You hit the gnoll.
The gnoll is moderately wounded.
You hit the adder.
The gnoll hits you from afar with a +0 halberd.
The adder bites you but does no damage.
The gnoll hits you from afar with a +0 halberd.
The gnoll hits you but does no damage. You block the gnoll's attack.
The gnoll barely misses you. The adder bites you but does no damage.
You block the gnoll's attack.
You barely miss the adder.
The adder is heavily wounded.
You hit the gnoll. The adder bites you but does no damage.
The gnoll hits you from afar with a +0 halberd.
The gnoll hits you but does no damage. The gnoll barely misses you.
You hit the gnoll but do no damage.
The gnoll is severely wounded.
You closely miss the adder. The adder bites you but does no damage.
You block the gnoll's attack. The gnoll hits you with a +0 whip.
The gnoll hits you from afar with a +0 halberd!
The adder barely misses you.
2591 ||| READING 2 scrolls of teleportation.
As you read the scroll of teleportation, it crumbles to dust.
You feel strangely unstable. The adder bites you but does no damage.
The gnoll hits you from afar with a +0 halberd.
The gnoll hits you but does no damage.
The gnoll hits you from afar with a +0 halberd.
You slash the gnoll!
You kill the gnoll!
You slash the adder!
You kill the adder!
The gnoll hits you from afar with a +0 halberd.
You die...

#.......# .. #.~~.¤¤.#
... #.~.~¤¤.# ...#
###..¤.¤¤¤#
##..#####.#.~.¤.~.# .#
........#.#.¤~¤~~.##.#
........#.#.¤¤¤...##.#
......%.#.####%#####.#
.....g.@#........###.###
....?g.)............>...
######.##........###.##
####.##............#
.....#........###.###
..........###.......
..........# #.##.##.
####.#.....)# #.##.##.
#...........# .##.##.


You could see 2 gnolls.

Vanquished Creatures
  An orc priest (D:3)
  An orc wizard (D:3)
  A gnoll (D:3)
  9 adders
  2 worms
  A dart slug (D:2)
  2 orcs (D:3)
  4 ball pythons
  6 bats
  11 endoplasms
  4 giant cockroaches
  4 goblins
  4 hobgoblins
  2 jackals (D:1)
  3 kobolds
  2 quokkas (D:1)
  11 frilled lizards
  6 rats
74 creatures vanquished.

Notes
Turn   | Place    | Note
-------+----------+-------------------------------------------
     0 | D:1      | qw the Gargoyle Fighter began the quest for the Orb.
     0 | D:1      | Reached XP level 1. HP: 14/14 MP: 1/1
     0 | D:1      | 0 ||| qw: Version: 0.2-a-29-g511e9b1
     0 | D:1      | 0 ||| qw: Game counter: 5770
     0 | D:1      | 0 ||| qw: Always use a shield: true
     0 | D:1      | 0 ||| qw: God list: Okawaru
     0 | D:1      | 0 ||| qw: Allow faded altars: false
     0 | D:1      | 0 ||| qw: Do Orc after D:15 true
     0 | D:1      | 0 ||| qw: Do second Lair branch before Depths: true
     0 | D:1      | 0 ||| qw: Lair rune preference: random
     0 | D:1      | 0 ||| qw: Plans: Normal, Zot:1-4, Slime:5, God:TSO, Crypt,
                  | Tomb, Abyss, Pan, Hells, Win
     0 | D:1      | 0 ||| PLANNING D:1-11
    55 | D:1      | Reached skill level 2 in Axes
    82 | D:1      | Reached XP level 2. HP: 19/19 MP: 2/2
   350 | D:1      | 350 ||| Stepping ~*~*~tactically~*~*~ (stealth).
   405 | D:1      | Reached skill level 3 in Axes
   851 | D:1      | Reached XP level 3. HP: 23/23 MP: 3/3
  1046 | D:1      | 1046 ||| UPGRADING to +0 plate armour.
  1056 | D:1      | 1056 ||| DROPPING +0 scale mail.
  1057 | D:1      | 1057 ||| UPGRADING to +4 ring of protection.
  1058 | D:1      | 1058 ||| READING 3 scrolls labelled NISUTO SUNAU.
  1059 | D:1      | 1059 ||| READING scroll labelled BUALUXZOET.
  1060 | D:1      | 1060 ||| READING scroll labelled JUEDWI JASO.
  1061 | D:1      | 1061 ||| READING scroll labelled XIXZAJ CUCAPU.
  1065 | D:1      | 1065 ||| READING 2 scrolls of identify.
  1065 | D:1      | 1065 ||| IDENTIFYING green potion
  1141 | D:2      | Reached skill level 1 in Throwing
  1297 | D:2      | 1297 ||| Stepping ~*~*~tactically~*~*~ (stealth).
  1368 | D:2      | Reached XP level 4. HP: 27/28 MP: 4/4
  1394 | D:2      | 1394 ||| DROPPING +0 club.
  1528 | D:2      | 1528 ||| Stepping ~*~*~tactically~*~*~ (stealth).
  2047 | D:2      | 2047 ||| UPGRADING to ring of protection from cold.
  2048 | D:2      | 2048 ||| READING scroll labelled JIMINE SASKAO.
  2049 | D:2      | 2049 ||| DRINKING 2 black potions.
  2050 | D:2      | 2050 ||| DRINKING potion of curing.
  2050 | D:2      | 2050 ||| (to cure confusion)
  2051 | D:2      | 2051 ||| DROPPING potion of ambrosia.
  2100 | D:3      | 2100 ||| Stepping ~*~*~tactically~*~*~ (stealth).
  2107 | D:3      | Reached skill level 4 in Axes
  2239 | D:3      | Reached XP level 5. HP: 32/32 MP: 5/5
  2286 | D:3      | Found the +3 crown of Dyrovepreva {rElec Int+2 SInv}
  2288 | D:3      | 2288 ||| Stepping ~*~*~tactically~*~*~ (stealth).
  2290 | D:3      | 2290 ||| Stepping ~*~*~tactically~*~*~ (stealth).
  2297 | D:3      | 2297 ||| Stepping ~*~*~tactically~*~*~ (stealth).
  2441 | D:3      | 2441 ||| Stepping ~*~*~tactically~*~*~ (hiding).
  2459 | D:3      | Reached skill level 5 in Axes
  2590 | D:3      | HP: 7/32 [gnoll/+0 halberd (8)]
  2591 | D:3      | 2591 ||| READING 2 scrolls of teleportation.
  2591 | D:3      | HP: 2/32 [gnoll/+0 halberd (3)]
  2592 | D:3      | Slain by a gnoll

Levels and vault maps discovered:
D:1:      dpeg_arrival_pond, layout_basic, minmay_lizard_king
D:2:      layout_basic, grunt_ministairs_12, chequers_serial_rivers_micro_c,
          kennysheep_generic_room_5
D:3:      minmay_octagon_keep, layout_basic, kennysheep_generic_room_9

Skill      XL: |  1  2  3  4  5 |
---------------+----------------+-----
Axes           | 2 3 4 5 |  5.0
Throwing       | 1 |  1.2
Fighting       | |  3.4
Armour         | |  3.2
Shields        | |  3.2

Action                     |  1- 3 |  4- 6 || total
---------------------------+-------+-------++-------
  Melee: War axe           |    69 |    93 ||   162
  Throw: Javelin           |    39 |    35 ||    74
    Use: Scroll            |     5 |     2 ||     7
         Potion            |       |     2 ||     2
 Armour: Scale mail        |    37 |       ||    37
         Plate armour      |    18 |    99 ||   117
  Dodge: Dodged            |    32 |    26 ||    58
  Block: Buckler           |     9 |    24 ||    33

Table legend:
 A = Non-vault XP
 B = Vault XP
 C = Vault XP percentage of total XP
 D = Non-vault monster count
 E = Vault monster count
 F = Vault count percentage of total count
                 A         B        C        D         E       F
            +---------+---------+-------+---------+---------+-------
      Total |     244 |      74 |  23.3 |      49 |      25 |  33.8
            +---------+---------+-------+---------+---------+-------
        D:1 |      28 |       8 |  22.2 |      16 |       8 |  33.3
        D:2 |      57 |      31 |  35.2 |      16 |       4 |  20.0
        D:3 |     159 |      35 |  18.0 |      17 |      13 |  43.3
            +---------+---------+-------+---------+---------+-------
